 Dungeon Crawl Stone Soup version 0.17-a0-1910-g4c791fa (webtiles) character file.

759 pk666 the Magician (level 7, 0/54 HPs)
             Began as a Deep Elf Wizard on Sept 26, 2015.
             Shot with an arrow by a centaur (3 damage)
             ... on level 5 of the Dungeon.
             The game lasted 00:19:16 (5614 turns).

pk666 the Magician (Deep Elf Wizard)                Turns: 5614, Time: 00:19:16

Health: 0/54       AC:  5    Str:  9    XL:     7   Next: 50%
Magic:  0/27       EV: 13    Int: 30    God:
Gold:   144        SH:  0    Dex: 13    Spells: 5 memorised, 9 levels left

rFire  . . .     SeeInvis .     p - +0 dagger
rCold  . . .     Clarity  .     a - +0 robe
rNeg   . . .     SustAt   .     (no shield)
rPois  .         Gourm    .     b - +0 hat
rElec  .         Spirit   +     (no cloak)
rCorr  .         Warding  .     (no gloves)
rMut   .         Stasis   .     (no boots)
MR     .....                    i - amulet of guardian spirit
Stlth  ..........               y - ring of magical power
                                r - +5 ring of intelligence

@: berserking, very slightly contaminated, hasted, very quick, not resistant to
hostile enchantments, extremely unstealthy
A: yellow scales 1, low mp 1, shaggy fur 1
a: no special abilities


You were on level 5 of the Dungeon.
You were not hungry.

You visited 1 branch of the dungeon, and saw 5 of its levels.

You collected 144 gold pieces.

Inventory:

Hand weapons
 p - a +0 dagger (weapon)
Armour
 a - a +0 robe (worn)
 b - a +0 hat (worn)
Jewellery
 i - an amulet of guardian spirit (around neck)
 r - a +5 ring of intelligence (left hand)
 y - a ring of magical power (right hand)
 B - an uncursed ring of sustain attributes
Magical devices
 q - a wand of confusion (22)
Scrolls
 e - 6 scrolls of remove curse
 h - 2 scrolls of identify
 j - a scroll of recharging {unknown}
 l - a scroll of amnesia {unknown}
 n - a scroll of teleportation {unknown}
 s - 3 scrolls of immolation
 u - a scroll of noise {unknown}
 v - a scroll of random uselessness {unknown}
Potions
 g - a potion of haste
 m - a potion of curing
 t - a potion of beneficial mutation {unknown}
 w - a potion of ambrosia {unknown}
 A - a potion of flight {unknown}
Books
 c - a book of Minor Magic

   Spells                             Type                      Level
   a - Magic Dart                     Conjuration                  1
   b - Blink                          Translocation                2
   c - Call Imp                       Summoning                    2
   d - Repel Missiles                 Charms/Air                   2
   e - Slow                           Hexes                        2
   f - Conjure Flame                  Conjuration/Fire             3
   g - Mephitic Cloud                 Conjuration/Poison/Air       3
Comestibles
 d - 5 bread rations
 f - a beef jerky
 z - a meat ration


   Skills:
 + Level 2.7 Dodging
 - Level 2.4 Stealth
 + Level 7.4 Spellcasting
 + Level 4.7 Conjurations
   Level 1.1 Summonings
 - Level 2.3 Translocations
 + Level 1.9 Fire Magic
 - Level 3.0 Air Magic
 - Level 3.1 Poison Magic


You had 9 spell levels left.
You knew the following spells:

 Your Spells              Type           Power        Failure   Level  Hunger
d - Conjure Flame         Conj/Fire      ####....     3%          3    None
q - Blink                 Tloc           N/A          2%          2    None
w - Repel Missiles        Chrm/Air       ###...       4%          2    None
x - Mephitic Cloud        Conj/Pois/Air  ####....     3%          3    None
z - Magic Dart            Conj           ####         1%          1    None


Dungeon Overview and Level Annotations

Branches:
Dungeon (5/15)
 Temple: D:4-7

Altars:

Annotations:
D:5 Prince Ribbit


Innate Abilities, Weirdness & Mutations

You are partially covered in yellow scales (AC +2).
Your magical capacity is low (-10% MP).
You are covered in fur (AC +1).


Message History

The centaur shoots an arrow.
The arrow hits you.
* * * LOW HITPOINT WARNING * * *
Prince Ribbit catches a centipede with his tongue.
The centaur shoots an arrow.
The arrow barely misses you.
You are very lightly contaminated with residual magic.
Drink which item? (? for menu, Esc to quit)
It was a potion of mutation.
You feel extremely strange.
You feel less energetic.
Yellow scales grow over part of your body.
Fur sprouts all over your body.
Prince Ribbit blinks!
Drink which item? (? for menu, Esc to quit)
It was a potion of berserk rage.
A red film seems to cover your vision as you go berserk!
You feel yourself moving faster!
You feel mighty!
The centaur shoots an arrow.
The arrow barely misses you.
You are too berserk!
You feel a strong urge to attack something.
The centaur shoots an arrow.
The arrow hits you.
You die...

###.........#.####
#...........#...
#......(....#...#
#....Fc(....# ..?.
#..ยง..#.....# ###
#.....#.....#
#.....#.....#
#.....#.....#
#....@#.....#
#.(((.#.....#
#######


You could see Prince Ribbit and a centaur.

Vanquished Creatures
  Sigmund (D:3)
  The ghost of pk666 the Magician, an average DEWz (D:3)
  A water moccasin skeleton (D:4)
  A crimson imp (D:5)
  An orc wizard (D:4)
  3 orc priests
  Ijyb (D:4)
  Natasha (twice) (D:3)
  3 worker ants
  A hound skeleton (D:4)
  Robin (D:4)
  2 adders
  2 shadow imps
  2 oozes
  An adder skeleton (D:3)
  A worm (D:3)
  14 orcs
  13 bats
  6 giant cockroaches
  6 hobgoblins
  5 jackals
  7 kobolds
  2 ball pythons (D:3)
  3 giant geckos
  A giant gecko skeleton (D:4)
  7 giant newts
  22 goblins
  4 quokkas
  A quokka skeleton (D:4)
  6 rats
121 creatures vanquished.

Notes
Turn   | Place    | Note
--------------------------------------------------------------
     0 | D:1      | pk666 the Deep Elf Wizard began the quest for the Orb.
     0 | D:1      | Reached XP level 1. HP: 10/10 MP: 7/7
   315 | D:1      | You fall through a shaft!
   318 | D:2      | Reached XP level 2. HP: 12/15 MP: 5/9
   454 | D:2      | Reached skill level 5 in Spellcasting
   682 | D:1      | Reached XP level 3. HP: 19/19 MP: 8/11
   686 | D:1      | Learned a level 2 spell: Blink
   689 | D:1      | Learned a level 2 spell: Repel Missiles
   693 | D:1      | Learned a level 3 spell: Conjure Flame
   697 | D:1      | Learned a level 3 spell: Mephitic Cloud
  2179 | D:3      | Noticed pk666's ghost (average DEWz)
  2208 | D:3      | Killed pk666's ghost
  2208 | D:3      | Reached skill level 1 in Air Magic
  2208 | D:3      | Reached skill level 1 in Poison Magic
  2208 | D:3      | Reached XP level 4. HP: 20/24 MP: 1/13
  2533 | D:3      | Noticed Natasha
  2540 | D:3      | Killed Natasha
  2540 | D:3      | Reached XP level 5. HP: 28/28 MP: 8/15
  2564 | D:3      | Reached skill level 6 in Spellcasting
  2667 | D:3      | Noticed Sigmund
  2680 | D:3      | Killed Sigmund
  2680 | D:3      | Reached XP level 6. HP: 32/32 MP: 1/17
  3481 | D:3      | Noticed Natasha
  3487 | D:3      | Killed Natasha
  4134 | D:4      | Noticed Robin
  4170 | D:4      | Killed Robin
  4362 | D:4      | Reached XP level 7. HP: 36/36 MP: 8/19
  4576 | D:4      | Noticed Ijyb
  4584 | D:4      | Killed Ijyb
  4584 | D:4      | Reached skill level 7 in Spellcasting
  4584 | D:4      | Reached skill level 1 in Fire Magic
  5483 | D:5      | Entered Level 5 of the Dungeon
  5583 | D:5      | Noticed Prince Ribbit
  5611 | D:5      | HP: 1/36 [centaur/arrow (1)]
  5612 | D:5      | Gained mutation: Your magical capacity is low (-10% MP). [potion of mutation]
  5612 | D:5      | Gained mutation: You are partially covered in yellow scales (AC +2). [potion of mutation]
  5612 | D:5      | Gained mutation: You are covered in fur (AC +1). [potion of mutation]
  5614 | D:5      | Shot with an arrow by a centaur

Vault maps used:
D:1:      scummos_arrival_forest, serial_co_window_serial, co_window_paths_a,
          co_window_corner_a, co_window_paths_b, co_window_paths_b,
          co_window_corner_a, co_window_paths_b, co_window_paths_b,
          co_window_of_opportunity_c, co_window_broadway_b, co_window_2corner,
          co_window_of_opportunity_c, co_window_unsneaky_path_c,
          co_window_paths_e, glass_columns_b, glass_columns_a, minivault_4,
          minmay_misc_feat_more_columns
D:2:      wad_lake_hut, first_bread
D:3:      serial_forest, infiniplex_forest_lined_corner,
          infiniplex_forest_lined_1, infiniplex_forest_lined_room_3,
          infiniplex_forest_straight_3, infiniplex_forest_corner_1,
          infiniplex_forest_straight_2, infiniplex_forest_clump_C,
          hex_intersection, uniq_sigmund, uniq_natasha
D:4:      kennysheep_goblin_castle, serial_co_window_serial,
          co_window_of_opportunity_a, co_window_corner_a, co_window_paths_a,
          co_window_paths_a, co_window_paths_a, co_window_of_opportunity_b,
          co_window_unsneaky_path_a, co_window_unsneaky_path_d,
          co_window_unsneaky_path_c, co_window_paths_d, glass_columns_a,
          glass_columns_a, glass_columns_c, glass_columns_c, uniq_robin
D:5:      uniq_prince_ribbit1, uniq_eustachio, uniq_blork_the_orc

Action                   |  1- 3 |  4- 6 |  7- 9 || total
-------------------------+-------+-------+-------++-------
Melee: Dagger            |       |    10 |       ||    10
 Cast: Magic Dart        |    93 |   127 |    78 ||   298
       Repel Missiles    |     1 |       |       ||     1
       Mephitic Cloud    |       |     6 |     5 ||    11
       Conjure Flame     |       |     2 |       ||     2
       Blink             |       |       |     1 ||     1
  Use: Scroll            |       |       |     3 ||     3
       Potion            |       |       |     3 ||     3
 Stab: Confused          |       |     1 |       ||     1
  Eat: Chunk             |     3 |     7 |     4 ||    14
